 Dungeon Crawl Stone Soup version 0.17-a0-931-g11a8995 (webtiles) character file.

9497 inmateoo the Martial Artist (level 11, -7/61 HPs)
             Began as a High Elf Monk on May 5, 2015.
             Was the Champion of Cheibriados.
             Mangled by a frost giant
             ... wielding a +1 battleaxe of freezing
              (12 damage)
             ... on level 10 of the Dungeon.
             The game lasted 00:21:23 (10742 turns).

inmateoo the Martial Artist (High Elf Monk)        Turns: 10742, Time: 00:21:23

Health: -7/61      AC: 23    Str: 26    XL:     11   Next: 23%
Magic:  16/16      EV: 19    Int: 29    God:    Cheibriados [******]
Gold:   365        SH:  0    Dex: 36    Spells: 0 memorised, 10 levels left

rFire  + . .     SeeInvis .       - Unarmed
rCold  + + .     Clarity  +     x - +4 chain mail
rNeg   . . .     SustAb   .     (no shield)
rPois  +         Gourm    .     r - +2 helmet
rElec  +         Spirit   .     m - +0 cloak (curse)
rCorr  +         Warding  .     p - +0 pair of gloves
rMut   .         Stasis   .     u - +2 pair of boots
MR     ++...                    j - amulet of clarity (curse)
Stlth  ..........               (no ring)
                                A - ring of protection from magic

@: resistant, very slow, very resistant to hostile enchantments, extremely
unstealthy
A: agile 1, berserk 1, blink 1, cold resistance 1, dopey 1, frail 2,
regeneration 1
a: Blink, Bend Time, Temporal Distortion, Slouch, Step From Time, Renounce
Religion


You were on level 10 of the Dungeon.
You worshipped Cheibriados.
Cheibriados was exalted by your worship.
You were not hungry.

You visited 2 branches of the dungeon, and saw 11 of its levels.
You visited the Abyss 1 time.
You also visited: Ossuary.

You collected 561 gold pieces.
You spent 196 gold pieces at shops.

Inventory:

Missiles
 g - a throwing net (quivered)
Armour
 m - a cursed +0 cloak (worn)
 p - a +0 pair of gloves (worn)
 r - a +2 helmet (worn)
 u - a +2 pair of boots (worn)
 x - a +4 chain mail (worn)
Jewellery
 j - a cursed amulet of clarity (around neck)
 A - a ring of protection from magic (left hand)
Magical devices
 l - a wand of magic darts (12)
 q - a wand of slowing (16)
 y - a wand of confusion (18)
 F - a wand of enslavement (13)
 H - a wand of magic darts (41)
 I - a wand of slowing (25)
Scrolls
 e - a scroll of enchant weapon
 o - 8 scrolls of remove curse
 v - 7 scrolls of teleportation
 B - 2 scrolls of blinking
 D - 2 scrolls of amnesia
 K - 2 scrolls of fear
 L - a scroll of recharging
Potions
 a - a potion of invisibility
 c - a potion of cancellation
 d - 4 potions of curing
 h - a potion of resistance
 i - 2 potions of magic
 C - 2 potions of brilliance
Comestibles
 b - 9 bread rations
 f - 4 beef jerkies
 k - 4 fruits
 n - 10 slices of pizza
 s - 6 meat rations
 z - a royal jelly


   Skills:
 + Level 8.0 Fighting
 + Level 6.8 Armour
 + Level 9.0 Dodging
 - Level 2.1 Stealth
 * Level 9.8 Unarmed Combat
 + Level 5.4 Invocations


You had 10 spell levels left.
You didn't know any spells.

Dungeon Overview and Level Annotations

Branches:
Dungeon (10/15)            Temple (1/1) D:4             Orc (0/4) D:9
   Lair: D:8-11

Altars:
Ashenzari
Cheibriados
Dithmenos
Elyvilon
Fedhas
Gozag
Kikubaaqudgha
Makhleb
Nemelex Xobeh
Okawaru
Qazlal
Ru
Sif Muna
Trog
Vehumet
Xom
Yredelemnul
Zin
The Shining One

Shops:
D:4 =   D:7 ?

Annotations:
D:8 Prince Ribbit


Innate Abilities, Weirdness & Mutations

You are agile. (Dex +2)
You tend to lose your temper in combat.
You can translocate small distances at will.
Your flesh is cold resistant.
You are dopey. (Int -2)
You are very frail (-20% HP).
Your natural rate of healing is unusually fast.


Message History

You punch the frost giant!
The frost giant is almost dead.
You hit the frost giant but do no damage.
The frost giant is almost dead.
The frost giant barely misses you.
You hit the frost giant.
The frost giant is almost dead.
The frost giant hits you with a battleaxe of freezing.
You hit the frost giant but do no damage.
You punch the frost giant, but do no damage.
The frost giant is almost dead.
You punch the frost giant!
The frost giant is almost dead.
The frost giant gestures at you while chanting.
The bolt of cold hits you! You resist.
* * * LOW HITPOINT WARNING * * *
You hit the frost giant.
The frost giant is almost dead.
The frost giant hits you with a battleaxe of freezing!
You die...

.......#.....###### .≈. #
.#####.#....####### #.# # .#
#.#...######## ##.## ### .#
#.'...####.≈.# †C. ### .#
#.#...#####.#####.# ####### .#
#.#...##.##.##!##C##[####### .#
#.###.##≈..≈..≈))≈..≈######. .#
#...#.##.##C##.##.##)###.... .#
#...#.#####@#####.######.... .#
#...#.####.§.###$≈?#####....
.#####...#..####÷###########.....
.........#...###'##########...###
.........#....................#..
.#########......(.............#..
.'.>............(.............#..
.#....................######..#.>
##....................#....+..#..


You could see a frost giant.

Vanquished Creatures
  The ghost of Upjohns the Cleaver, an experienced MiFi of the Shining One (D:9)
  A harpy (D:10)
  An ugly thing (D:9)
  A cyclops (D:10)
  Joseph (D:8)
  A gargoyle (D:10)
  Psyche (D:8)
  An efreet (D:10)
  A troll (D:10)
  A spriggan (D:8)
  A deep elf mage (D:10)
  A steam dragon (D:10)
  9 orc warriors
  4 centaurs
  An eye of draining (D:10)
  3 black bears
  3 ice beasts
  2 sky beasts
  4 phantoms
  2 ogres
  5 giant frogs
  2 big kobolds
  A gnoll sergeant (D:9)
  2 elf zombies (Ossuary)
  2 scorpions (D:5)
  14 killer bees
  10 wights
  3 centaur zombies
  3 crimson imps
  2 orc priests
  4 jellies
  A giant frog zombie (D:8)
  A centaur skeleton (D:7)
  A wasp zombie (D:6)
  10 worker ants
  8 orc wizards
  7 hounds
  A quasit (D:8)
  4 iguanas
  A killer bee zombie (D:10)
  2 hound skeletons (D:6)
  2 mummies (Ossuary)
  A worker ant zombie (D:8)
  6 gnolls (D:9)
  10 adders
  3 shadow imps
  4 oozes
  2 adder zombies
  3 adder skeletons
  4 worms
  9 giant geckos
  39 orcs
  21 bats
  A bat skeleton (D:6)
  A bat zombie (D:7)
  7 goblins
  15 hobgoblins
  16 jackals
  16 kobolds
  5 quokkas
  A ball python (D:4)
  2 giant cockroaches
  A giant gecko skeleton (D:5)
  8 giant newts
  A goblin zombie (D:8)
  9 hobgoblin zombies (Ossuary)
  2 jackal zombies (Ossuary)
  10 kobold zombies (Ossuary)
  6 orc zombies (Ossuary)
  2 quokka zombies
  20 rats
  4 rat zombies (Ossuary)
  A spectral orc (D:9)
  A ballistomycete (D:8)
  A fungus (D:9)
358 creatures vanquished.

Vanquished Creatures (collateral kills)
  2 orcs (D:7)
2 creatures vanquished.

Vanquished Creatures (others)
  An orc (D:7)
  A giant spore (D:8)
2 creatures vanquished.

Grand Total: 362 creatures vanquished

Notes
Turn   | Place    | Note
--------------------------------------------------------------
     0 | D:1      | inmateoo, the High Elf Monk, began the quest for the Orb.
     0 | D:1      | Reached XP level 1. HP: 16/16 MP: 2/2
   399 | D:1      | Reached XP level 2. HP: 14/21 MP: 3/3
  1594 | D:2      | Reached XP level 3. HP: 26/26 MP: 4/4
  1792 | D:2      | Found a bloodstained altar of Trog.
  1954 | D:2      | Reached skill level 1 in Armour
  2189 | D:2      | Reached XP level 4. HP: 25/32 MP: 5/5
  2756 | D:3      | Found a shimmering altar of Xom.
  2776 | D:3      | Found a shimmering altar of Xom.
  2779 | D:3      | Found a shimmering altar of Xom.
  2779 | D:3      | Found a shimmering altar of Xom.
  2779 | D:3      | Found a shimmering altar of Xom.
  2850 | D:3      | Found a radiant altar of Vehumet.
  2854 | D:3      | Found a shadowy altar of Dithmenos.
  3235 | D:4      | Reached skill level 4 in Unarmed Combat
  3291 | D:4      | Found a staircase to the Ecumenical Temple.
  3349 | D:4      | Reached XP level 5. HP: 17/37 MP: 6/6
  3353 | Temple   | Entered the Ecumenical Temple
  3386 | Temple   | Became a worshipper of Cheibriados the Contemplative
  3386 | Temple   | Acquired Cheibriados's first power
  3608 | D:4      | Noticed a phantom
  3680 | D:4      | Killed a phantom
  3806 | D:4      | Found Evie's Jewellery Emporium.
  3824 | D:4      | Reached XP level 6. HP: 34/43 MP: 7/7
  4892 | D:5      | Entered Level 5 of the Dungeon
  5073 | D:5      | Reached skill level 5 in Unarmed Combat
  5083 | D:5      | Reached skill level 5 in Dodging
  5083 | D:5      | Reached XP level 7. HP: 21/49 MP: 8/8
  5084 | D:5      | Acquired Cheibriados's second power
  5447 | D:5      | Found a burning altar of Makhleb.
  6096 | D:5      | Found a shattered altar of Ashenzari.
  6101 | D:5      | Reached skill level 5 in Fighting
  6241 | D:6      | Acquired Cheibriados's third power
  6241 | D:6      | Reached XP level 8. HP: 55/55 MP: 9/9
  6300 | D:6      | Reached skill level 6 in Unarmed Combat
  6847 | D:6      | Acquired Cheibriados's fourth power
  7092 | D:8      | Reached skill level 7 in Unarmed Combat
  7094 | D:8      | Reached XP level 9. HP: 27/62 MP: 10/10
  7122 | D:8      | Noticed Joseph
  7146 | D:8      | Killed Joseph
  7146 | D:8      | Reached skill level 5 in Armour
  7146 | D:8      | Reached skill level 1 in Invocations
  7283 | D:8      | Found a burning altar of Makhleb.
  7328 | D:8      | Noticed Psyche
  7332 | D:8      | Found a sand-covered staircase.
  7370 | Ossuary  | Entered an ossuary
  7968 | D:8      | Noticed Prince Ribbit
  7972 | D:8      | Cast into the Abyss (Psyche)
  7982 | D:8      | Escaped the Abyss
  7993 | D:8      | Killed Psyche
  7993 | D:8      | Reached skill level 8 in Unarmed Combat
  8550 | D:7      | Found Wuawou's Magic Scroll Shoppe.
  8567 | D:7      | Reached XP level 10. HP: 47/69 MP: 13/13
  8589 | D:7      | Bought a scroll of fear for 49 gold pieces
  8589 | D:7      | Bought a scroll of teleportation for 42 gold pieces
  8589 | D:7      | Bought a scroll of blinking for 105 gold pieces
  8710 | D:7      | Gained mutation: Your natural rate of healing is unusually fast. [mutagenic meat]
  8711 | D:7      | Gained mutation: Your spells are a little harder to cast, but a little more powerful. [mutagenic meat]
  8712 | D:7      | Gained mutation: You are frail (-10% HP). [mutagenic meat]
  8713 | D:7      | Gained mutation: You tend to lose your temper in combat. [mutagenic meat]
  8714 | D:7      | Gained mutation: You can translocate small distances at will. [mutagenic meat]
  8715 | D:7      | Gained mutation: You are agile. (Dex +2) [mutagenic meat]
  8982 | D:9      | Noticed a white ugly thing
  8990 | D:9      | Killed a white ugly thing
  9060 | D:9      | Found a blossoming altar of Fedhas.
  9148 | D:9      | Found a shattered altar of Ashenzari.
  9205 | D:9      | Noticed Upjohns's ghost (experienced MiFi)
  9220 | D:9      | Killed Upjohns's ghost
  9346 | D:9      | Found a basalt altar of Yredelemnul.
  9554 | D:9      | Reached skill level 9 in Unarmed Combat
  9628 | D:9      | Gained mutation: You are very frail (-20% HP). [potion of mutation]
  9628 | D:9      | Gained mutation: Your flesh is cold resistant. [potion of mutation]
  9651 | D:9      | Found a staircase to the Orcish Mines.
  9756 | D:10     | Entered Level 10 of the Dungeon
  9879 | D:10     | Reached skill level 5 in Invocations
 10088 | D:10     | Reached XP level 11. HP: 60/60 MP: 15/15
 10092 | D:10     | Gained mutation: You are dopey. (Int -2) [mutagenic meat]
 10094 | D:10     | Lost mutation: Your spells are a little harder to cast, but a little more powerful. [mutagenic meat]
 10224 | D:10     | Noticed a cyclops
 10224 | D:10     | Noticed a harpy
 10225 | D:10     | Noticed a frost giant
 10231 | D:10     | Killed a harpy
 10521 | D:10     | Killed a cyclops
 10742 | D:10     | Mangled by a frost giant

Action                   |  1- 3 |  4- 6 |  7- 9 | 10-12 || total
-------------------------+-------+-------+-------+-------++-------
Melee: Unarmed           |   174 |   349 |   633 |   379 ||  1535
Invok: Slouch            |       |       |     2 |     3 ||     5
Evoke: Wand              |       |       |    12 |     2 ||    14
  Use: Scroll            |     4 |     5 |     7 |     9 ||    25
       Potion            |       |     2 |     2 |     6 ||    10
 Stab: Sleeping          |     3 |       |       |       ||     3
       Distracted        |       |       |     1 |       ||     1
       Betrayed ally     |       |       |       |     1 ||     1
  Eat: Chunk             |     4 |     7 |     5 |    16 ||    32
       Beef jerky        |       |       |     1 |       ||     1
